 Dungeon Crawl Stone Soup version 0.31.0-9-g3a7656b989 (webtiles) character file.

Game seed: 18094751961486456340

590 raph the Cudgeller (level 7, -1/100 HPs)
             Began as a Troll Gladiator on Jan 24, 2024.
             Was an Initiate of Okawaru.
             Slain by a gnoll
             ... wielding a +0 flail
             ... led by a gnoll bouda
              (4 damage)
             ... on level 5 of the Dungeon.
             The game lasted 00:07:32 (4072 turns).

raph the Cudgeller (Troll Gladiator)                Turns: 4072, Time: 00:07:32

Health: -1/100     AC: 23    Str: 23    XL:     7   Next: 16%
Magic:  6/6        EV:  1    Int:  4    God:    Okawaru [......]
Gold:   133        SH:  5    Dex: 13    Spells: 6/6 levels left

rFire   . . .        s - +0 giant spiked club
rCold   . . .        (shield currently unavailable)
rNeg    . . .        b - melded +0 robe
rPois   +            c - melded +0 hat
rElec   .            o - melded +0 cloak
rCorr   .            (gloves unavailable)
SInv    .            (boots unavailable)
Will    +....        j - amulet of reflection
Stlth   +            f - ring of willpower
HPRegen 1.16/turn    (no ring)
MPRegen 0.10/turn

%: reflection
@: tree-form, hasted, very quick
A: stationary, stasis, torment immunity, boosted hp, large, unfitting armour,
(claws 3), regeneration 1, (shaggy fur 1), (tough skin 1)
a: Renounce Religion


You were on level 5 of the Dungeon.
You worshipped Okawaru.
Okawaru was noncommittal.
You were a tree.
You visited 2 branches of the dungeon, and saw 6 of its levels.

You collected 133 gold pieces.

Inventory:

Hand Weapons
 a - a +0 flail
 s - a +0 giant spiked club (weapon)
Missiles
 d - 3 throwing nets
 n - 3 poisoned darts
 w - a curare-tipped dart (quivered)
Armour
 b - a +0 robe (melded)
 c - a +0 hat (melded)
 h - a +0 kite shield
 o - a +0 cloak (melded)
 t - a scarf of resistance
Jewellery
 f - a ring of willpower (left branch)
 j - an amulet of reflection (around neck)
 k - an amulet of faith
 l - a ring of ice
 z - a ring of see invisible
Scrolls
 e - a scroll of amnesia {unknown}
 i - a scroll of teleportation
 m - 3 scrolls of revelation
 r - a scroll of identify
 x - a scroll of immolation
Potions
 g - a potion of brilliance
 p - 3 potions of haste
 v - a potion of attraction


   Skills:
 + Level 3.2 Fighting
 * Level 6.4 Maces & Flails
 + Level 2.2 Throwing
 + Level 2.7 Dodging
 + Level 0.9 Invocations


You had 6 spell levels left.
You didn't know any spells.
Your spell library was empty.

Dungeon Overview and Level Annotations

Branches:
Dungeon (5/15)             Temple (1/1) D:4

Altars:
Cheibriados
Dithmenos
Elyvilon
Hepliaklqana
Makhleb
Nemelex Xobeh
Okawaru
Vehumet
The Shining One

Shops:
D:3 [

Annotations:
D:2 Robin, Sigmund
D:3 Terence


Innate Abilities, Weirdness & Mutations

You are a tree.
Your roots penetrate the ground, keeping you stationary.
You cannot be teleported.
You are immune to unholy pain and torment.
Your maximum health is greatly increased.
Your equipment is partially melded.
You are too large for most types of armour.
((You have claws for hands.))
Your natural rate of healing is unusually fast.
((You are covered in fur. (AC +1)))
((You have tough skin. (AC +1)))


Message History

The gnoll bouda hits you with a +0 club.
The gnoll hits you with a +0 flail.
You barely miss the gnoll. The gnoll bouda barely misses you.
The gnoll barely misses you.
The gnoll bouda hits you with a +0 club.
You barely miss the gnoll.
Your attacks no longer feel as feeble.
You kill the gnoll!
Okawaru accepts your kill. The gnoll barely misses you.
You block the gnoll bouda's attack. The gnoll hits you with a +0 flail.
You hit the gnoll.
The gnoll is lightly wounded.
The gnoll bouda closely misses you. The gnoll hits you with a +0 flail.
The gnoll bouda hits you with a +0 club!
* * * LOW HITPOINT WARNING * * *
You feel yourself speed up. The gnoll hits you with a +0 flail.
* * * LOW HITPOINT WARNING * * *
The gnoll bouda hits you with a +0 club.
* * * LOW HITPOINT WARNING * * *
You hit the gnoll but do no damage.
The gnoll is lightly wounded.
You block the gnoll's attack.
The gnoll bouda hits you with a +0 club!
* * * LOW HITPOINT WARNING * * *
You barely miss the gnoll bouda.
The gnoll bouda is moderately wounded.
You block the gnoll's attack.
The gnoll bouda calls upon its god to heal the gnoll.
The gnoll's wounds heal themselves!
You thump the gnoll!
The gnoll is heavily wounded.
The gnoll hits you with a +0 flail!
* * * LOW HITPOINT WARNING * * *
The gnoll bouda hits you but does no damage.
Okay, then.
You turn into a tree.
Your +0 cloak melds into your body.
Your +0 hat melds into your body.
Your +0 robe melds into your body.
Your roots penetrate the ground.
The gnoll hits you with a +0 flail.
You die...

# #.#.# #.#...
# ####.#.#
#..... ##
#....#.#
###.## .#
#......# #.##
.# #.######
#.## .# #.#
#.## .# #.####
# #.#. ##
#....#
####.#### #. .
# #.##.#
#♣g).(.(# .
#.##.#
#g#####.# #.
#.##"# #)# ##
#.##.# #.#####
<########.##.#
#)#...#
...)......##.#
#.#..)#.#
############.#
#.......# #.#
##.######
#.####.#


You could see a gnoll bouda and a gnoll (swift).

Vanquished Creatures
  An ogre (D:4)
  A bullfrog (D:3)
  2 scorpions (D:5)
  A bombardier beetle (D:4)
  An iguana (D:3)
  2 orc wizards
  8 gnolls
  5 adders
  A white imp (D:5)
  A ribbon worm (D:2)
  A dart slug (D:4)
  13 orcs
  7 ball pythons
  5 endoplasms
  4 giant cockroaches
  12 goblins
  4 hobgoblins
  5 kobolds
  4 quokkas
  4 bats
  5 frilled lizards
  4 rats
91 creatures vanquished.

Vanquished Creatures (collateral kills)
  A kobold (D:3)
1 creature vanquished.

Grand Total: 92 creatures vanquished

Notes
Turn   | Place    | Note
-------+----------+-------------------------------------------
     0 | D:1      | raph the Troll Gladiator began the quest for the Orb.
     0 | D:1      | Reached XP level 1. HP: 19/19 MP: 0/0
   103 | D:1      | Reached skill level 3 in Maces & Flails
   130 | D:1      | Reached XP level 2. HP: 27/27 MP: 1/1
   987 | D:2      | Reached skill level 4 in Maces & Flails
   987 | D:2      | Reached XP level 3. HP: 33/33 MP: 2/2
  1016 | D:2      | Noticed Robin
  1417 | D:2      | Noticed Sigmund
  1437 | D:3      | Found Laecusch's Antique Armour Shop.
  1611 | D:3      | Noticed Terence
  1631 | D:2      | You fall into a shaft and drop 2 floors!
  1664 | D:4      | Reached XP level 4. HP: 41/41 MP: 3/3
  1906 | D:4      | Reached skill level 5 in Maces & Flails
  1912 | D:4      | Reached XP level 5. HP: 47/49 MP: 4/4
  3045 | D:3      | Reached XP level 6. HP: 40/59 MP: 5/5
  3368 | D:4      | Reached skill level 6 in Maces & Flails
  3677 | D:4      | Found a staircase to the Ecumenical Temple.
  3694 | Temple   | Entered the Ecumenical Temple
  3705 | Temple   | Became a worshipper of Warmaster Okawaru
  3738 | D:5      | Entered Level 5 of the Dungeon
  3855 | D:5      | Found a sparkling altar of Nemelex Xobeh.
  4030 | D:5      | Reached XP level 7. HP: 58/67 MP: 6/6
  4071 | D:5      | HP: 1/67 [gnoll/+0 flail[a gnoll bouda] (7)]
  4072 | D:5      | Slain by a gnoll

Illustrated notes

Levels and vault maps discovered:
D:1:      lightli_arrival_farm, layout_basic
D:2:      layout_basic, uniq_sigmund, uniq_robin
D:3:      layout_basic, serial_shops, nicolae_shop_pleasant_corner_grove,
          uniq_terence
D:4:      layout_basic, minmay_temple_entry_mist, patterned_corridor
D:5:      layout_loops_ring, nzn_wu_jian_council_hall, general_overflow_altar,
          nemelex_xobeh_ov_fountains_minmay, sigmund_army, uniq_ijyb,
          uniq_menkaure
Temple:   nicolae_temple_two_arcs

Skill      XL: |  1  2  3  4  5  6 |
---------------+-------------------+-----
Maces & Flails | 3 4 5 6 |  6.4
Fighting       | 2 3 |  3.2
Throwing       | 2 |  2.2
Dodging        | |  2.7
Invocations    | |  0.9

Action                     |  1- 3 |  4- 6 |  7- 9 || total
---------------------------+-------+-------+-------++-------
  Melee: Flail             |   148 |    39 |       ||   187
         Giant spiked club |       |   107 |    13 ||   120
  Throw: Javelin           |     4 |       |       ||     4
         Dart              |       |     1 |     5 ||     6
         Large rock        |       |     1 |     1 ||     2
    Use: Scroll            |     5 |     7 |       ||    12
         Potion            |       |       |     2 ||     2
   Stab: Sleeping          |     2 |       |       ||     2
 Armour: Robe              |   138 |   109 |    18 ||   265
         Skin              |       |       |     1 ||     1
  Dodge: Dodged            |    83 |    74 |     7 ||   164
  Block: Kite shield       |    64 |       |       ||    64
         Other             |       |    44 |     3 ||    47
